 Dungeon Crawl Stone Soup version 0.24-a0-417-g1cce26a4d2 (webtiles) character file.

Game seed: 13378856622546000624

130 Gargoyl the Skirmisher (level 4, 0/40 HPs)
             Began as a Centaur Abyssal Knight on June 10, 2019.
             Was a Believer of Lugonu.
             Slain by Natasha (5 damage)
             ... on level 3 of the Dungeon.
             The game lasted 00:04:48 (1788 turns).

Gargoyl the Skirmisher (Centaur Abyssal Knight)     Turns: 1788, Time: 00:04:49

Health: 0/40       AC:  4    Str: 15    XL:     4   Next: 89%
Magic:  6/6        EV: 15    Int: 11    God:    Lugonu [**....]
Gold:   105        SH:  0    Dex: 19    Spells: 3/3 levels left

rFire    . . .     SeeInvis .   e - +12 hand axe of the Tomato {chop, *Rage MR+ Dex+5}
rCold    . . .     Gourm    .   (no shield)
rNeg     . . .     Faith    .   b - +0 leather armour
rPois    .         Spirit   .   (no helmet)
rElec    .         Reflect  .   (no cloak)
rCorr    .         Harm     .   (no gloves)
MR       +....     Rnd*Rage +   (no barding)
Stlth    ++........             (no amulet)
HPRegen  0.13/turn              (no ring)
MPRegen  0.10/turn              (no ring)

@: agile, very quick
A: large, hooves 3, deformed body, speed 2, tough skin 3
a: Depart the Abyss, Bend Space, Renounce Religion


You were on level 3 of the Dungeon.
You worshipped Lugonu.
Lugonu was pleased with you.
You were not hungry.

You visited 1 branch of the dungeon, and saw 3 of its levels.
You visited the Abyss 1 time.

You collected 105 gold pieces.

Inventory:

Hand Weapons
 a - a +1 hand axe
 e - the +12 hand axe of the Tomato (weapon) {chop, *Rage MR+ Dex+5}
   (You found it on level 2 of the Abyss)

   It inflicts extra damage upon your enemies.
   It affects your dexterity (+5).
   It affects your resistance to hostile enchantments.
   It may make you go berserk in combat.
Missiles
 h - 6 silver javelins (quivered)
Armour
 b - a +0 leather armour (worn)
Wands
 d - a wand of paralysis (12)
Scrolls
 f - a scroll of magic mapping {unknown}
 i - 3 scrolls of identify {unknown}
 j - a scroll of noise {unknown}
Comestibles
 c - 5 rations
 m - 2 chunks of flesh


   Skills:
 + Level 3.9 Fighting
 + Level 2.6 Axes
 * Level 2.1 Armour
 * Level 1.4 Dodging
 * Level 2.7 Invocations


You had 3 spell levels left.
You didn't know any spells.
Your spell library was empty.

Dungeon Overview and Level Annotations

Branches:
Dungeon (3/15)

Altars:
Ashenzari
Fedhas
Yredelemnul

Annotations:
D:3 Natasha


Innate Abilities, Weirdness & Mutations

You have hooves in place of feet.
Armour fits poorly on your strangely shaped body.
You cover ground very quickly.
You have extremely tough skin. (AC +3)


Message History

A rat comes into view.
It was a potion of agility.
You feel agile all of a sudden.
Natasha mumbles some strange words.
It was a potion of curing.
You feel better. Natasha casts a spell at you.
You resist with almost no effort.
It was a potion of magic.
Magic courses through your body. Natasha casts a spell at you.
The magic dart hits you.
* * * LOW HITPOINT WARNING * * *
The iron imp closely misses you.
You hit Natasha. You kick Natasha.
Natasha is heavily wounded.
You hit the iron imp. Natasha barely misses you.
The iron imp barely misses you. Natasha misses you.
You barely miss Natasha.
Natasha is heavily wounded.
You hit the iron imp. The iron imp closely misses you. Natasha claws you.
You die...

#.##
#.....#.#....#..#.
##.#
#.....#.#.........
#.##
#######...รท.###
.<## #####..#
...## #....<.#
....## #.####.#
.....# #.# #.#
....## #)# #.#
...########.# #@#
#...........#
#h5.#
#############
#g#.(.. #.######
#.# #.. #.. #..


You could see an iron imp, Natasha and a hobgoblin.

Vanquished Creatures
  Natasha (twice) (D:3)
  A hound skeleton (D:3)
  2 adders
  A howler monkey skeleton (D:2)
  An ooze (D:1)
  A leopard gecko (D:3)
  An orc (D:3)
  A bat (D:1)
  3 giant cockroaches
  3 goblins
  A hobgoblin (D:2)
  4 jackals
  6 frilled lizards
  4 kobolds
  8 rats
39 creatures vanquished.

Notes
Turn   | Place    | Note
-------+----------+-------------------------------------------
     0 | Abyss:1  | Gargoyl the Centaur Abyssal Knight began the quest for the
                  | Orb.
     0 | Abyss:1  | Reached XP level 1. HP: 19/19 MP: 2/2
    49 | Abyss:2  | Got a dazzling hand axe
    50 | Abyss:2  | Identified the +12 hand axe of the Tomato {chop, *Rage MR+
                  | Dex+5} (You found it on level 2 of the Abyss)
    56 | Abyss:2  | Noticed a ynoxinul
    56 | Abyss:2  | Noticed an ancient zyme
    57 | D:1      | Escaped the Abyss
   286 | D:1      | Reached XP level 2. HP: 26/26 MP: 3/3
   290 | D:1      | Reached * piety under Lugonu
   339 | D:1      | Reached skill level 1 in Dodging
   754 | D:2      | Found a shattered altar of Ashenzari.
   781 | D:2      | Found a blossoming altar of Fedhas.
   854 | D:2      | Found a basalt altar of Yredelemnul.
  1047 | D:2      | Reached XP level 3. HP: 29/31 MP: 4/4
  1058 | D:2      | Found a faded altar of an unknown god.
  1522 | D:3      | Reached XP level 4. HP: 31/40 MP: 5/5
  1617 | D:3      | Noticed Natasha
  1622 | D:3      | Killed Natasha
  1651 | D:3      | Reached ** piety under Lugonu
  1658 | D:3      | Noticed Natasha
  1771 | D:3      | Killed Natasha
  1775 | D:3      | Noticed Natasha
  1788 | D:3      | Slain by Natasha

Levels and vault maps discovered:
D:1:      scummos_arrival_forest, layout_basic
D:2:      layout_loops_ring, ashenzari_conservatory_becter,
          lemuel_coloured_pillars_altar, fedhas_altar_1,
          chequers_ecumenical_altar_twisty
D:3:      layout_loops_cross, nicolae_tso_swordbearing_angel, uniq_natasha,
          uniq_grinder

Skill      XL: |  1  2  3  4 |
---------------+-------------+-----
Dodging        | 1 |  1.4
Axes           | 2 |  2.6
Armour         | 2 |  2.1
Fighting       | |  3.9
Invocations    | |  2.7

Action                   |  1- 3 |  4- 6 || total
-------------------------+-------+-------++-------
Melee: Hand axe          |    44 |    14 ||    58
       Kick              |     4 |     2 ||     6
Invok: Depart the Abyss  |     1 |       ||     1
  Use: Potion            |       |     4 ||     4
  Eat: Chunk             |       |     1 ||     1
Armor: Leather armour    |    12 |     1 ||    13
Dodge: Dodged            |    14 |    11 ||    25

Table legend:
 A = Non-vault XP
 B = Vault XP
 C = Vault XP percentage of total XP
 D = Non-vault monster count
 E = Vault monster count
 F = Vault count percentage of total count
                 A         B        C        D         E       F
            +---------+---------+-------+---------+---------+-------
      Total |     151 |      35 |  18.8 |      38 |       1 |   2.6
            +---------+---------+-------+---------+---------+-------
        D:1 |      30 |       0 |   0.0 |      18 |       0 |   0.0
        D:2 |      40 |       0 |   0.0 |      10 |       0 |   0.0
        D:3 |      81 |      35 |  30.2 |      10 |       1 |   9.1
            +---------+---------+-------+---------+---------+-------
